TOP OF THE 1ST |
---|
Key West Barracudas batting - Pitching for Memphis Blues : RHP Mark Bidwell | Pitching: RHP Mark Bidwell | | Batting: SHB Luis Manuel López | 0-0: Ball 1-0: Bunt for hit - play at first, batter OUT! 1-3 | Batting: RHB Chris Adams | 0-0: Ball 1-0: Ball 2-0: Ball 3-0: Called Strike 3-1: Base on Balls | Batting: SHB José Espinoza | 0-0: Swinging Strike 0-1: Called Strike 0-2: Ball 1-2: Foul Ball, location: 2F 1-2: Strikes out swinging | Batting: SHB Héctor Jiménez | 0-0: Fielders Choice at 2nd, 5-4 (Groundball, 56) | Top of the 1st over - 0 runs, 0 hits, 0 errors, 1 left on base; Key West 0 - Memphis 0 | BOTTOM OF THE 1ST |
---|
Memphis Blues batting - Pitching for Key West Barracudas : RHP Bob Schneider | Pitching: RHP Bob Schneider | | Batting: RHB Brandon Townsley | 0-0: Called Strike 0-1: Ball 1-1: Called Strike 1-2: Foul Ball, location: 2F 1-2: Ball 2-2: Ball 3-2: Base on Balls | Batting: RHB Jesús Sánchez | 0-0: Ball Brandon Townsley steals 2nd base 1-0: Ball 2-0: Ball 3-0: Called Strike 3-1: Called Strike 3-2: Base on Balls | Batting: LHB John Foster | 0-0: Ball 1-0: Fly out, F4 (Line Drive, 4) | Batting: LHB Weston Chaney | 0-0: Ball 1-0: Called Strike 1-1: Fly out, F4 (Line Drive, 4M) | Batting: RHB Jonny Lord | 0-0: Called Strike 0-1: Foul Ball, location: 2F 0-2: Strikes out looking | Bottom of the 1st over - 0 runs, 0 hits, 0 errors, 2 left on base; Key West 0 - Memphis 0 | TOP OF THE 2ND |
---|
Key West Barracudas batting - Pitching for Memphis Blues : RHP Mark Bidwell | Batting: SHB Júlio Ayala | 0-0: Ball 1-0: Foul Ball, location: 2F 1-1: Swinging Strike 1-2: Fly out, F7 (Flyball, 7S) | Batting: SHB Jacob Knapp | 0-0: Foul Ball, location: 2F 0-1: Ball 1-1: Ball 2-1: Ball 3-1: Called Strike 3-2: Foul Ball, location: 2F 3-2: Fly out, F9 (Flyball, 9LMF) | Batting: RHB Anastasio Zartuche | 0-0: Foul Ball, location: 2F 0-1: Swinging Strike 0-2: Strikes out swinging | Top of the 2nd over - 0 runs, 0 hits, 0 errors, 0 left on base; Key West 0 - Memphis 0 | BOTTOM OF THE 2ND |
---|
Memphis Blues batting - Pitching for Key West Barracudas : RHP Bob Schneider | Batting: RHB Aaron Grizzle | 0-0: Ball 1-0: Foul Ball, location: 2F 1-1: Fly out, F7 (Flyball, 7LDF) | Batting: RHB Artie Green | 0-0: Called Strike 0-1: Ball 1-1: Foul Ball, location: 2F 1-2: Ball 2-2: Ball 3-2: Foul Ball, location: 2F 3-2: Ground out 3-1 (Groundball, 23) | Batting: RHB Leopoldo Horgan | 0-0: Ball 1-0: SINGLE (Line Drive, 6D) | Batting: RHB Salvador Mendoza | 0-0: Ball Leopoldo Horgan steals 2nd base 1-0: Ball 2-0: Called Strike 2-1: Foul Ball, location: 2F 2-2: Ground out 5-3 (Groundball, 5S) | Bottom of the 2nd over - 0 runs, 1 hit, 0 errors, 1 left on base; Key West 0 - Memphis 0 | TOP OF THE 3RD |
---|
Key West Barracudas batting - Pitching for Memphis Blues : RHP Mark Bidwell | Batting: LHB Mauro Díaz | 0-0: Foul Ball, location: 2F 0-1: Ball 1-1: Ball 2-1: Foul Ball, location: 2F 2-2: Ball 3-2: Base on Balls | Batting: LHB Juan Lima | 0-0: Ball 1-0: Called Strike 1-1: Called Strike 1-2: Ball 2-2: Strikes out looking | Batting: SHB Luis Manuel López | 0-0: Hit by Pitch Mauro Díaz to second | Batting: RHB Chris Adams | 0-0: Ball 1-0: Called Strike 1-1: Fly out, F7 (Line Drive, 7) | Batting: SHB José Espinoza | 0-0: Called Strike 0-1: SINGLE (Line Drive, 56D) Mauro Díaz to third Luis Manuel López to second Runner from 3rd tries for Home, SAFE, throw made home | Batting: SHB Héctor Jiménez | 0-0: Called Strike 0-1: Foul Ball, location: 2F 0-2: Ball 1-2: Fly out, F7 (Flyball, 78M) | Top of the 3rd over - 1 run, 1 hit, 0 errors, 2 left on base; Key West 1 - Memphis 0 | BOTTOM OF THE 3RD |
---|
Memphis Blues batting - Pitching for Key West Barracudas : RHP Bob Schneider | Pitching: RHP Sean Flynn | | Batting: RHB Brandon Townsley | 0-0: Ball 1-0: Foul Ball, location: 2F 1-1: Ball 2-1: Foul Ball, location: 2F 2-2: Ground out 5-3 (Groundball, 56S) | Batting: RHB Jesús Sánchez | 0-0: Ground out 6-3 (Groundball, 6) | Batting: LHB John Foster | 0-0: Ball 1-0: Foul Ball, location: 2F 1-1: Ball 2-1: Ball 3-1: SOLO HOME RUN (Flyball, 9LD), Distance : 364 ft | Batting: LHB Weston Chaney | 0-0: Called Strike 0-1: Called Strike 0-2: Strikes out swinging | Bottom of the 3rd over - 1 run, 1 hit, 0 errors, 0 left on base; Key West 1 - Memphis 1 | TOP OF THE 4TH |
---|
Key West Barracudas batting - Pitching for Memphis Blues : RHP Mark Bidwell | Batting: SHB Júlio Ayala | 0-0: Called Strike 0-1: Foul Ball, location: 2F 0-2: Foul Ball, location: 2F 0-2: Ball 1-2: Fly out, F9 (Flyball, 9LDF) | Batting: SHB Jacob Knapp | 0-0: Called Strike 0-1: Ball 1-1: Swinging Strike 1-2: Ball 2-2: Ball 3-2: Foul Ball, location: 2F 3-2: Foul Ball, location: 2F 3-2: Base on Balls | Batting: RHB Anastasio Zartuche | 0-0: Called Strike 0-1: SINGLE (Groundball, 5D) Jacob Knapp to second | Batting: LHB Mauro Díaz | 0-0: Ball 1-0: Swinging Strike 1-1: Reached on error, E6 (Groundball, 6) Jacob Knapp to third Anastasio Zartuche to second | Batting: LHB Juan Lima | 0-0: Ball 1-0: Fielders Choice at 2nd, 4-6 (Groundball, 4) Jacob Knapp scores Anastasio Zartuche to third | Pitching: LHP Peter Turner | | Batting: SHB Luis Manuel López | 0-0: Ball 1-0: Called Strike 1-1: Swinging Strike 1-2: Ball 2-2: Ball 3-2: SINGLE (Groundball, 56) (infield hit) Anastasio Zartuche scores Juan Lima to second | Batting: RHB Chris Adams | 0-0: Ball 1-0: Swinging Strike 1-1: Foul Ball, location: 2F 1-2: Fly out, F7 (Flyball, 78M) | Top of the 4th over - 2 runs, 2 hits, 1 error, 2 left on base; Key West 3 - Memphis 1 | BOTTOM OF THE 4TH |
---|
Memphis Blues batting - Pitching for Key West Barracudas : RHP Sean Flynn | Batting: RHB Jonny Lord | 0-0: Called Strike 0-1: Ball 1-1: Ground out 6-3 (Groundball, 6) | Batting: RHB Aaron Grizzle | 0-0: Called Strike 0-1: Swinging Strike 0-2: Foul Ball, location: 2F 0-2: Ball 1-2: Ground out 5-3 (Groundball, 56S) | Batting: RHB Artie Green | 0-0: Ball 1-0: Foul Ball, location: 2F 1-1: Called Strike 1-2: Foul Ball, location: 2F 1-2: Ball 2-2: Foul Ball, location: 2F 2-2: Strikes out swinging | Bottom of the 4th over - 0 runs, 0 hits, 0 errors, 0 left on base; Key West 3 - Memphis 1 | TOP OF THE 5TH |
---|
Key West Barracudas batting - Pitching for Memphis Blues : LHP Peter Turner | Batting: SHB José Espinoza | 0-0: Foul Ball, location: 2F 0-1: Foul Ball, location: 2F 0-2: Hit by Pitch | Batting: SHB Héctor Jiménez | 0-0: Ball 1-0: Ball 2-0: Called Strike 2-1: Ball 3-1: DOUBLE (Line Drive, 7LS) José Espinoza to third | Batting: SHB Júlio Ayala | 0-0: Swinging Strike 0-1: Foul Ball, location: 2F 0-2: Ball 1-2: Foul Ball, location: 2F 1-2: Ball 2-2: Ground out 4-3 (Groundball, 4) José Espinoza scores Héctor Jiménez to third | Batting: SHB Jacob Knapp | 0-0: Ball 1-0: Foul Ball, location: 2F 1-1: Called Strike 1-2: Ground out 1-3 (Groundball, P) | Batting: RHB Anastasio Zartuche | 0-0: Foul Ball, location: 2F 0-1: Ball 1-1: SINGLE (Groundball, 34D) Héctor Jiménez scores | Batting: LHB Mauro Díaz | 0-0: Called Strike 0-1: Called Strike 0-2: Ball 1-2: Foul Ball, location: 2F 1-2: Ball Anastasio Zartuche is caught stealing 2nd base | Top of the 5th over - 2 runs, 2 hits, 0 errors, 0 left on base; Key West 5 - Memphis 1 | BOTTOM OF THE 5TH |
---|
Memphis Blues batting - Pitching for Key West Barracudas : RHP Sean Flynn | Batting: RHB Leopoldo Horgan | 0-0: Ball 1-0: Called Strike 1-1: Foul Ball, location: 2F 1-2: Foul Ball, location: 2F 1-2: Ball 2-2: SINGLE (Groundball, 5D) | Batting: RHB Salvador Mendoza | 0-0: Called Strike 0-1: DOUBLE (Groundball, 5L) Leopoldo Horgan to third | Batting: RHB Brandon Townsley | 0-0: Ball 1-0: Called Strike 1-1: Foul Ball, location: 2F 1-2: Foul Ball, location: 2F 1-2: Fly out, F1 (Line Drive, 13) | Batting: RHB Jesús Sánchez | 0-0: Ball 1-0: SINGLE (Line Drive, 7S) Leopoldo Horgan scores Salvador Mendoza to third | Batting: LHB John Foster | 0-0: Called Strike 0-1: Ball 1-1: Ball 2-1: Fly out, F9 (Flyball, 9S) | Batting: LHB Weston Chaney | 0-0: SINGLE (Line Drive, 7S) Salvador Mendoza scores Jesús Sánchez to second | Batting: RHB Jonny Lord | 0-0: Ball 1-0: Foul Ball, location: 2F 1-1: Ball 2-1: Foul Ball, location: 2F 2-2: Foul Ball, location: 2F 2-2: Ball 3-2: Foul Ball, location: 2F 3-2: Foul Ball, location: 2F 3-2: SINGLE (Groundball, 25) (infield hit) Jesús Sánchez to third Weston Chaney to second | Pitching: RHP Dennis Grange | | Batting: RHB Aaron Grizzle | 0-0: Foul Ball, location: 2F 0-1: Swinging Strike 0-2: Ball 1-2: Strikes out swinging | Bottom of the 5th over - 2 runs, 5 hits, 0 errors, 3 left on base; Key West 5 - Memphis 3 | TOP OF THE 6TH |
---|
Key West Barracudas batting - Pitching for Memphis Blues : LHP Peter Turner | Batting: LHB Mauro Díaz | 0-0: Ball 1-0: Called Strike 1-1: Foul Ball, location: 2F 1-2: Ball 2-2: Foul Ball, location: 2F 2-2: Ball 3-2: Fly out, F6 (Flyball, 6D) | Batting: LHB Juan Lima | 0-0: Ball 1-0: Called Strike 1-1: Ball 2-1: Ball 3-1: Called Strike 3-2: Foul Ball, location: 2F 3-2: Foul Ball, location: 2F 3-2: Fly out, F9 (Flyball, 9) | Batting: SHB Luis Manuel López | 0-0: Ball 1-0: Called Strike 1-1: Fly out, F9 (Flyball, 9LSF) | Top of the 6th over - 0 runs, 0 hits, 0 errors, 0 left on base; Key West 5 - Memphis 3 | BOTTOM OF THE 6TH |
---|
Memphis Blues batting - Pitching for Key West Barracudas : RHP Dennis Grange | Batting: RHB Artie Green | 0-0: Called Strike 0-1: Ball 1-1: Ball 2-1: Foul Ball, location: 2F 2-2: Foul Ball, location: 2F 2-2: Strikes out swinging | Batting: RHB Leopoldo Horgan | 0-0: Ball 1-0: Ground out 5-3 (Groundball, 56) | Batting: RHB Salvador Mendoza | 0-0: Ball 1-0: Foul Ball, location: 2F 1-1: Called Strike 1-2: Ground out 4-3 (Groundball, 34) | Bottom of the 6th over - 0 runs, 0 hits, 0 errors, 0 left on base; Key West 5 - Memphis 3 | TOP OF THE 7TH |
---|
Key West Barracudas batting - Pitching for Memphis Blues : LHP Peter Turner | Batting: RHB Chris Adams | 0-0: Called Strike 0-1: Ball 1-1: Foul Ball, location: 2F 1-2: Fly out, F4 (Popup, 4MS) | Batting: SHB José Espinoza | 0-0: Ball 1-0: Called Strike 1-1: Swinging Strike 1-2: SOLO HOME RUN (Line Drive, 7LD), Distance : 371 ft | Pitching: LHP Fernando Palácios | | Batting: SHB Héctor Jiménez | 0-0: Ball 1-0: Foul Ball, location: 2F 1-1: Ball 2-1: Ball 3-1: Called Strike 3-2: Fly out, F6 (Flyball, 56D) | Batting: SHB Júlio Ayala | 0-0: Called Strike 0-1: Ball 1-1: Called Strike 1-2: Ball 2-2: Fly out, F9 (Flyball, 9S) | Top of the 7th over - 1 run, 1 hit, 0 errors, 0 left on base; Key West 6 - Memphis 3 | BOTTOM OF THE 7TH |
---|
Memphis Blues batting - Pitching for Key West Barracudas : RHP Dennis Grange | Batting: RHB Brandon Townsley | 0-0: Ball 1-0: Called Strike 1-1: Foul Ball, location: 2F 1-2: Foul Ball, location: 2F 1-2: Ball 2-2: Ball 3-2: Base on Balls | Batting: RHB Jesús Sánchez | 0-0: Called Strike 0-1: Ball 1-1: SINGLE (Groundball, 6D) Brandon Townsley to second Runner from 2nd tries for 3rd, SAFE, no throw | Batting: LHB John Foster | 0-0: Ball 1-0: Ball 2-0: Ball 3-0: Base on Balls Jesús Sánchez to second | Batting: LHB Weston Chaney | 0-0: Called Strike 0-1: Ball 1-1: DOUBLE (Line Drive, 7D) Brandon Townsley scores Jesús Sánchez scores John Foster to third | Pinch Hitting: LHB Brenton Carter | 0-0: Ball 1-0: Ball 2-0: Ball 3-0: Base on Balls | Pitching: RHP Ed Calhoun | | Batting: RHB Aaron Grizzle | 0-0: Called Strike 0-1: Ball 1-1: Ball 2-1: Swinging Strike 2-2: Strikes out swinging | Batting: RHB Artie Green | 0-0: Ball 1-0: Swinging Strike 1-1: Swinging Strike 1-2: Strikes out swinging | Pinch Hitting: SHB Fernando Gutiérrez | 0-0: Ball 1-0: Called Strike 1-1: Ball 2-1: Fly out, F7 (Flyball, 78M) | Bottom of the 7th over - 2 runs, 2 hits, 0 errors, 3 left on base; Key West 6 - Memphis 5 | TOP OF THE 8TH |
---|
Key West Barracudas batting - Pitching for Memphis Blues : LHP Fernando Palácios | Now at 2B: Markus Cummins | | Now at SS: José Herrera | | Batting: SHB Jacob Knapp | 0-0: Ball 1-0: Called Strike 1-1: Foul Ball, location: 2F 1-2: Ball 2-2: Strikes out looking | Batting: RHB Anastasio Zartuche | 0-0: Called Strike 0-1: Foul Ball, location: 2F 0-2: SINGLE (Line Drive, 6D) | Pinch Runner at 1st Rob DeWitt: | | Batting: LHB Mauro Díaz | 0-0: Called Strike 0-1: Ball 1-1: Ball 2-1: Called Strike 2-2: Strikes out looking | Batting: LHB Juan Lima | 0-0: Ball 1-0: Called Strike 1-1: Foul Ball, location: 2F 1-2: Ball 2-2: Ball 3-2: Foul Ball, location: 2F 3-2: Fly out, F7 (Line Drive, 7LS) | Top of the 8th over - 0 runs, 1 hit, 0 errors, 1 left on base; Key West 6 - Memphis 5 | BOTTOM OF THE 8TH |
---|
Memphis Blues batting - Pitching for Key West Barracudas : RHP Ed Calhoun | Now in LF: Rob DeWitt | | Batting: RHB Salvador Mendoza | 0-0: Foul Ball, location: 2F 0-1: Ball 1-1: Swinging Strike 1-2: Strikes out swinging | Batting: RHB Brandon Townsley | 0-0: Called Strike 0-1: Ball 1-1: Ball 2-1: Foul Ball, location: 2F 2-2: Fly out, F8 (Line Drive, 8LD) | Batting: RHB Jesús Sánchez | 0-0: Called Strike 0-1: Ball 1-1: Swinging Strike 1-2: Strikes out swinging | Bottom of the 8th over - 0 runs, 0 hits, 0 errors, 0 left on base; Key West 6 - Memphis 5 | TOP OF THE 9TH |
---|
Key West Barracudas batting - Pitching for Memphis Blues : LHP Fernando Palácios | Batting: SHB Luis Manuel López | 0-0: Foul Ball, location: 2F 0-1: Ball 1-1: Ball 2-1: Ball 3-1: Fly out, F9 (Flyball, 9) | Batting: RHB Chris Adams | 0-0: Ball 1-0: Fly out, F8 (Flyball, 8RD) | Batting: SHB José Espinoza | 0-0: Ball 1-0: SINGLE (Line Drive, 8LS) | Batting: SHB Héctor Jiménez | 0-0: Ball José Espinoza is caught stealing 2nd base | Top of the 9th over - 0 runs, 1 hit, 0 errors, 0 left on base; Key West 6 - Memphis 5 | BOTTOM OF THE 9TH |
---|
Memphis Blues batting - Pitching for Key West Barracudas : RHP Ed Calhoun | Pitching: RHP Gerald Núñez | | Batting: LHB John Foster | 0-0: Ball 1-0: Ball 2-0: SINGLE (Flyball, 8LS) | Pinch Runner at 1st Bill Stephenson: | | Batting: LHB Weston Chaney | 0-0: Called Strike 0-1: Fly out, F7 (Flyball, 7) | Pinch Hitting: RHB Julian Lee | 0-0: Ball 1-0: Called Strike 1-1: Ball 2-1: Foul Ball, location: 2F 2-2: Ball 3-2: Fly out, F7 (Flyball, 7LMF) | Batting: RHB Aaron Grizzle | 0-0: SINGLE (Flyball, 7S) Bill Stephenson to second Runner from 2nd tries for 3rd, SAFE, throw made to third | Batting: RHB Artie Green | 0-0: Called Strike 0-1: Ball 1-1: Called Strike 1-2: Strikes out swinging | Bottom of the 9th over - 0 runs, 2 hits, 0 errors, 2 left on base; Key West 6 - Memphis 5 | |